 Dungeon Crawl Stone Soup version 0.28-a0-653-g7e9dba17c3 (webtiles) character file.

Game seed: 17045436076820150981

7483 ejwnflr the Jinx (level 10, -4/45 HPs)
             Began as a Spriggan Enchanter on Oct 12, 2021.
             Was a Believer of Dithmenos.
             Slain by a centaur warrior (8 damage)
             ... on level 10 of the Dungeon.
             The game lasted 00:32:34 (16159 turns).

ejwnflr the Jinx (Spriggan Enchanter)              Turns: 16159, Time: 00:32:35

Health: -4/45      AC:  4    Str:  7    XL:     10   Next: 94%
Magic:  23/28      EV: 18    Int: 16    God:    Dithmenos [**....]
Gold:   413        SH:  0    Dex: 17    Spells: 28/36 levels left

rFire   . . .      SeeInvis +   j - +2 dagger (speed)
rCold   . . .      Faith    .   (shield restricted)
rNeg    + . .      Spirit   .   l - +2 robe {rN+}
rPois   +          Reflect  .   (helmet restricted)
rElec   .          Harm     .   (no cloak)
rCorr   .          Rampage  .   (gloves unavailable)
Will    +....                   (boots unavailable)
Stlth   +++++.....              k - amulet of regeneration
HPRegen 1.15/turn               x - ring of poison resistance
MPRegen 0.21/turn               t - ring of wizardry

@: wreathed by umbra, very quick
A: very small, no large weapons, unfitting armour, see invisible, speed 3, wild
magic 1
a: Renounce Religion, Shadow Step


You were on level 10 of the Dungeon.
You worshipped Dithmenos.
Dithmenos was pleased with you.
You visited 2 branches of the dungeon, and saw 11 of its levels.
You also visited: Sewer.

You collected 571 gold pieces.
You spent 158 gold pieces at shops.

Inventory:

Hand Weapons
 f - a +4 dagger of draining
 j - a +2 dagger of speed (weapon)
 r - a +2 dagger of venom
 A - a +4 dagger of chaos
Armour
 a - a +0 troll leather armour
 l - a +2 robe of positive energy (worn)
 s - the +1 robe "Wirchom" {+Inv rC- Int+10}
   (You bought it in a shop on level 3 of the Dungeon)

   Int:       It affects your intelligence (+10).
   rC:        It makes you vulnerable to cold.
   +Inv:      It lets you turn invisible.
Jewellery
 k - an amulet of regeneration (around neck)
 n - an amulet of the acrobat
 t - a ring of wizardry (right hand)
 x - a ring of poison resistance (left hand)
Wands
 d - a wand of iceblast (1)
 w - a wand of charming (5)
Scrolls
 g - a scroll of summoning
 m - 6 scrolls of teleportation
 y - a scroll of blinking
 z - a scroll of fog
 B - a scroll of amnesia
Potions
 b - a potion of berserk rage {unknown}
 c - a potion of invisibility
 e - 3 potions of flight
 h - 3 potions of curing
 i - 4 potions of cancellation
 o - a potion of resistance {unknown}
 p - 5 potions of haste
 u - a potion of brilliance {unknown}
 v - 2 potions of heal wounds


   Skills:
 - Level 1.1 Fighting
 - Level 2.0 Short Blades
 - Level 3.5 Dodging
 + Level 6.9 Stealth
 - Level 13.8 Spellcasting
 - Level 14.0 Hexes


You had 28 spell levels left.
You knew the following spells:

 Your Spells              Type           Power      Damage    Failure   Level
a - Ensorcelled Hibernat  Hex/Ice        86%        N/A       1%          2
b - Tukima's Dance        Hex            64%        N/A       1%          3
c - Dazzling Flash        Conj/Hex       86%        N/A       1%          3

Your spell library contained the following spells:

 Spells                   Type           Power      Damage    Failure   Level
 Slow                     Hex            64%        N/A       1%          2
 Confusing Touch          Hex            64%        N/A       1%          3
 Inner Flame              Hex/Fire       43%        N/A       1%          3
 Foxfire                  Conj/Fire      56%        2x1d6     4%          1
 Freeze                   Ice            56%        1d7       4%          1
 Sublimation of Blood     Necr           7%         N/A       6%          2
 Conjure Flame            Conj/Fire      14%        6-21      11%         3
 Frozen Ramparts          Ice            28%        1d4       11%         3
 Gell's Gravitas          Tloc           7%         N/A       11%         3
 Lesser Beckoning         Tloc           14%        N/A       11%         3
 Teleport Other           Tloc           14%        N/A       11%         3
 Vampiric Draining        Necr           7%         2d7       11%         3
 Flame Wave               Conj/Fire      14%        3d5       30%         4
 Hailstorm                Conj/Ice       14%        3d5       30%         4
 Ice Form                 Ice/Tmut       14%        N/A       30%         4
 Petrify                  Tmut/Erth      14%        N/A       30%         4
 Summon Ice Beast         Ice/Summ       14%        N/A       30%         4
 Irradiate                Conj/Tmut      7%         3d16      58%         5


Dungeon Overview and Level Annotations

Branches:
Dungeon (10/15)            Temple (1/1) D:5            Lair (0/6) D:8
    Orc (0/2) D:10          Sewer (visited)

Altars:
Ashenzari
Cheibriados
Dithmenos
Elyvilon
Fedhas
Kikubaaqudgha
Qazlal
Ru
Vehumet
Yredelemnul

Shops:
D:1 [   D:3 *


Innate Abilities, Weirdness & Mutations

You are very small and have problems with some larger weapons.
You are too small for most types of armour.
You have supernaturally acute eyesight. (SInv)
You cover ground extremely quickly. (Speed+++)
Your spells are a little harder to cast, but a little more powerful.


Message History

The centaur warrior is heavily wounded.
The centaur warrior completely misses you.
The centaur warrior kicks you.
You catch the helpless centaur warrior completely off-guard!
You impale the centaur warrior!!
The centaur warrior is almost dead.
The centaur warrior misses you. x2
You hit the centaur warrior but do no damage.
The centaur warrior is almost dead.
The centaur warrior hits you but does no damage.
The centaur warrior closely misses you.
You hit the centaur warrior.
The centaur warrior is almost dead.
The centaur warrior closely misses you.
The centaur warrior kicks you but does no damage.
You hit the centaur warrior but do no damage.
The centaur warrior is almost dead.
The shadow barely misses you.
You hit the centaur warrior.
The centaur warrior is almost dead.
The shadow misses you.
The centaur warrior is no longer blind.
The centaur warrior completely misses you.
The centaur warrior barely misses you.
You hit the centaur warrior but do no damage.
The centaur warrior is almost dead.
The centaur warrior misses you. x2
You hit the centaur warrior but do no damage.
The centaur warrior is almost dead.
The centaur warrior hits you! The centaur warrior barely misses you.
You hit the centaur warrior but do no damage.
The centaur warrior is almost dead.
The centaur warrior hits you!
* * * LOW HITPOINT WARNING * * *
The centaur warrior kicks you.
* * * LOW HITPOINT WARNING * * *
You hit the centaur warrior.
The centaur warrior is almost dead.
The shadow barely misses you. The centaur warrior hits you!
You die...

#.######### #.##
#.# #.#. #.# #.#.
#.# #.+.
#.#############W#.
#.......)..c†...#.
#.#############.##
#W# #..o #@# ##..
#c# ###
#.################
#.................
#.................
#.................
#............>....
#.................
#.................


You could see a centaur warrior and a shadow.

Vanquished Creatures
  Erica (D:10)
  An ugly thing (D:10)
  Psyche (D:10)
  An unseen horror (D:9)
  A troll (D:10)
  Grinder (D:4)
  2 shadows
  A wyvern (D:9)
  Eustachio (D:5)
  2 wraiths
  5 yaks (D:9)
  A steam dragon (D:8)
  A vampire mosquito (D:10)
  2 acid dragons (D:10)
  An orc warrior (D:10)
  2 necrophages (D:5)
  3 ogres
  2 black bears
  A centaur (D:9)
  2 kobold brigands (D:8)
  3 bullfrogs
  A gnoll sergeant (D:9)
  3 scorpions
  A water moccasin zombie (D:5)
  6 killer bees
  2 bullfrog zombies
  5 centaur zombies
  2 orc priests
  A bullfrog skeleton (D:5)
  3 hounds
  A jelly (D:5)
  A centaur skeleton (D:5)
  Terence (D:2)
  3 iguanas
  Natasha (thrice) (D:3 D:2)
  4 orc wizards
  A hound zombie (D:5)
  2 howler monkey zombies
  Robin (D:3)
  2 gnolls
  2 adders (D:3)
  A shadow imp (D:7)
  3 white imps
  2 ufetubi (D:5)
  An adder zombie (D:5)
  4 worms
  A dart slug (D:3)
  23 orcs
  6 bats
  11 endoplasms
  9 giant cockroaches
  16 goblins
  10 hobgoblins
  13 jackals
  27 kobolds
  9 quokkas
  11 ball pythons
  10 frilled lizards
  9 rats
246 creatures vanquished.

Vanquished Creatures (collateral kills)
  A yak (D:9)
  3 orc warriors
  3 orc priests
  5 gnolls
  2 orcs (D:8)
  A giant cockroach (D:1)
  A rat (D:1)
16 creatures vanquished.

Vanquished Creatures (others)
  A centaur zombie (D:10)
  6 dancing weapons
  17 plants (Sewer)
24 creatures vanquished.

Grand Total: 286 creatures vanquished

Notes
Turn   | Place    | Note
-------+----------+-------------------------------------------
     0 | D:1      | ejwnflr the Spriggan Enchanter began the quest for the Orb.
     0 | D:1      | Reached XP level 1. HP: 9/9 MP: 5/5
   541 | D:1      | Reached skill level 4 in Hexes
   541 | D:1      | Reached XP level 2. HP: 11/13 MP: 7/7
   577 | D:1      | Learned a level 2 spell: Ensorcelled Hibernation
   590 | D:1      | Found Loewegit's Antique Armour Emporium.
   730 | D:2      | Found a faded altar of an unknown god.
   734 | D:2      | Reached XP level 3. HP: 16/16 MP: 9/9
   738 | D:2      | Learned a level 3 spell: Tukima's Dance
   742 | D:2      | Learned a level 3 spell: Dazzling Flash
  1068 | D:2      | Noticed Terence
  1130 | D:2      | Killed Terence
  1131 | D:2      | Reached XP level 4. HP: 7/21 MP: 3/11
  1364 | D:2      | Reached skill level 5 in Hexes
  2792 | D:3      | Noticed Natasha
  2801 | D:3      | Killed Natasha
  2802 | D:3      | Reached skill level 5 in Spellcasting
  2802 | D:3      | Reached XP level 5. HP: 24/24 MP: 11/13
  3240 | D:3      | Reached skill level 6 in Hexes
  3408 | D:3      | Noticed Natasha
  3416 | D:3      | Killed Natasha
  3644 | D:3      | Reached XP level 6. HP: 16/28 MP: 15/15
  3862 | D:3      | Found Upesiser's Assorted Antiques.
  3870 | D:3      | Bought a fizzy puce potion for 18 gold pieces
  3870 | D:3      | Bought a scroll labelled LEOSOUVYGY for 21 gold pieces
  3881 | D:3      | Noticed Natasha
  3886 | D:3      | Noticed Robin
  4250 | D:2      | Killed Natasha
  4879 | D:3      | Killed Robin
  5555 | D:4      | Noticed Grinder
  5633 | D:4      | Reached skill level 7 in Hexes
  5821 | D:4      | Found a glowing drain.
  5839 | Sewer    | Entered a sewer
  6960 | D:4      | Killed Grinder
  6961 | D:4      | Reached XP level 7. HP: 21/32 MP: 6/18
  7381 | D:5      | Entered Level 5 of the Dungeon
  7536 | D:5      | Found a staircase to the Ecumenical Temple.
  7563 | Temple   | Entered the Ecumenical Temple
  7649 | Temple   | Became a worshipper of Dithmenos the Shadowed
  7702 | D:5      | Noticed Eustachio
  7713 | D:5      | Killed Eustachio
  7714 | D:5      | Reached skill level 8 in Hexes
  8032 | D:3      | Bought an ancient robe for 119 gold pieces
  8032 | D:3      | Identified the +1 robe "Wirchom" {+Inv rC- Int+10} (You
                  | bought it in a shop on level 3 of the Dungeon)
  8115 | D:5      | Reached XP level 8. HP: 26/36 MP: 14/21
  8321 | D:5      | Reached skill level 9 in Hexes
  9271 | D:5      | HP: 1/36 [water moccasin zombie (7)]
  9531 | D:5      | Found a basalt altar of Yredelemnul.
 10210 | D:6      | Reached skill level 10 in Hexes
 10334 | D:6      | Reached skill level 10 in Spellcasting
 11034 | D:6      | Reached XP level 9. HP: 20/39 MP: 24/24
 11790 | D:7      | Reached * piety under Dithmenos
 12165 | D:7      | Reached skill level 11 in Hexes
 12651 | D:8      | Found a staircase to the Lair.
 13368 | D:8      | Gained mutation: Your spells are a little harder to cast,
                  | but a little more powerful. [potion of mutation]
 14141 | D:9      | Reached skill level 12 in Hexes
 14414 | D:9      | Reached ** piety under Dithmenos
 14556 | D:9      | Reached XP level 10. HP: 23/44 MP: 25/27
 15143 | D:10     | Entered Level 10 of the Dungeon
 15173 | D:10     | Noticed a brown ugly thing
 15178 | D:10     | Reached skill level 13 in Hexes
 15223 | D:10     | Killed a brown ugly thing
 15224 | D:10     | Noticed a two-headed ogre
 15331 | D:10     | Noticed Erica
 15331 | D:10     | Noticed Psyche
 15341 | D:10     | Killed Psyche
 15370 | D:10     | Killed Erica
 15445 | D:9      | Reached skill level 14 in Hexes
 15724 | D:10     | Noticed a two-headed ogre
 15745 | D:10     | Reached skill level 1 in Fighting
 15745 | D:10     | Reached skill level 5 in Stealth
 15814 | D:10     | Found a staircase to the Orcish Mines.
 15946 | D:10     | Noticed a boulder beetle
 15947 | D:10     | Noticed a white ugly thing
 16118 | D:10     | Noticed a centaur warrior
 16159 | D:10     | Slain by a centaur warrior

Illustrated notes

Levels and vault maps discovered:
D:1:      nicolae_arrival_somewhat_less_tricky_arrival, layout_basic,
          serial_rivers, chequers_serial_rivers_large_a,
          chequers_serial_rivers_micro_d, chequers_serial_rivers_micro_d,
          chequers_serial_rivers_small_3, chequers_serial_rivers_small_a,
          chequers_serial_rivers_micro_a, serial_shops,
          nicolae_shop_statue_plus, chequers_serial_rivers_small_b
D:2:      layout_basic, chequers_ecumenical_altar_twisty, uniq_terence
D:3:      layout_rooms, serial_shops, shop, minivault_5, grunt_ministairs_1,
          st_stairs_8, minmay_mini_jars, uniq_robin, uniq_natasha
D:4:      layout_cave_pools, gup_sewer_entry_pipe, uniq_grinder
D:5:      layout_layer_cave, nicolae_yredelemnul_corpse_copse,
          minmay_temple_entry_glass, st_stairs_13, uniq_eustachio
D:6:      layout_loops_ring
D:7:      layout_gridville
D:8:      layout_basic, lair_entry_dummy
D:9:      layout_loops_ring
D:10:     minmay_the_grid_square_5x5_4x4 [minmay_the_grid_square_5x5_n_small,
          minmay_the_grid_square_5x5_percent,
          minmay_the_grid_square_5x5_checkered_sparse,
          minmay_the_grid_square_5x5_tetrominoes,
          minmay_the_grid_square_5x5_broken_cross,
          minmay_the_grid_square_5x5_prize_junk,
          minmay_the_grid_square_5x5_prize_waves,
          minmay_the_grid_square_5x5_inner_v, minmay_the_grid_square_5x5_v,
          minmay_the_grid_square_5x5_prize_monsterx,
          minmay_the_grid_square_5x5_prize_open,
          minmay_the_grid_square_5x5_bracketed,
          minmay_the_grid_square_5x5_half_checkered,
          minmay_the_grid_square_5x5_fat_x, minmay_the_grid_square_5x5_bite,
          minmay_the_grid_square_5x5_three_walls], layout_long_grid,
          orc_0_dummy, uniq_erolcha, uniq_erica, uniq_psyche
Temple:   regret_index_temple_sigil_plot

Skill      XL: |  1  2  3  4  5  6  7  8  9 10 |
---------------+-------------------------------+-----
Spellcasting   | 3 4 5 7 8 10 12 13 | 13.8
Hexes          | 4 5 6 7 8 10 12 14 | 14.0
Dodging        | 3 |  3.5
Fighting       | 1 |  1.1
Short Blades   | 2 |  2.0
Stealth        | 6 |  6.9

Action                   |  1- 3 |  4- 6 |  7- 9 | 10-12 || total
-------------------------+-------+-------+-------+-------++-------
Melee: Dagger            |    94 |   399 |   523 |   170 ||  1186
 Cast: Ensorcelled Hiber |     7 |    43 |    37 |    27 ||   114
       Dazzling Flash    |       |     6 |     7 |     3 ||    16
       Tukima's Dance    |       |       |    14 |     3 ||    17
Evoke: Wand              |       |       |     5 |    16 ||    21
  Use: Scroll            |     1 |     6 |     8 |     4 ||    19
       Potion            |     1 |     3 |     6 |     3 ||    13
 Stab: Sleeping          |    16 |    27 |    31 |    15 ||    89
       Distracted        |       |     2 |       |       ||     2
       Invisible         |       |     3 |     2 |     1 ||     6
Armor: Robe              |     7 |    38 |    58 |    41 ||   144
Dodge: Dodged            |    56 |   310 |   385 |   227 ||   978

Table legend: (Time is in decaauts)
 A = Elapsed time spent in this place.
 B = Non-inter-level travel time spent in this place.
 C = Inter-level travel time spent in this place.
 D = Time resting spent in this place.
 E = Time spent auto-exploring this place.
 F = Levels seen in this place.
 G = Mean time per level.
                   A        B        C        D        E       F      G
               +--------+--------+--------+--------+--------+-----+--------+
         Total |  13223 |  12965 |    258 |   2836 |   7659 |  12 | 1101.9 |
       Dungeon |  12307 |  12061 |    246 |   2836 |   7043 |  10 | 1230.7 |
        Temple |     84 |     73 |     11 |      0 |     58 |   1 |   84.0 |
         Sewer |    831 |    831 |      0 |      0 |    557 |   1 |  831.0 |
               +--------+--------+--------+--------+--------+-----+--------+

Top non-repeatable levels by time:
     D:5: 2256 daAuts
     D:2: 2076 daAuts
     D:3: 1788 daAuts
     D:8: 1125 daAuts
     D:9: 1002 daAuts
     D:6: 956 daAuts
     D:7: 918 daAuts
     D:1: 909 daAuts
   Sewer: 831 daAuts
     D:4: 741 daAuts
    D:10: 531 daAuts
  Temple: 84 daAuts
